[Event "Team 45 45 League T51"]
[Site "Internet Chess Club"]
[Date "2011.11.14"]
[Round "1"]
[White "upsan"]
[Black "AntMantis"]
[Result "1/2-1/2"]
[WhiteElo "1806"]
[BlackElo "2045"]
[Opening "French: exchange variation"]
[ECO "C01"]
[Time "21:02:44"]
[TimeControl "2700+45"]

1. e4 e6 2. d4 d5 3. exd5 exd5 4. Bd3 Nf6 5. Bg5 Bd6 6. Ne2 Bg4 7. Nbc3 c6 8.
Qd2 Nbd7 9. h3 Bh5 10. O-O-O Qa5 11. Qe3+ Kd8 12. Rhe1 {Game drawn by mutual
agreement} 1/2-1/2

[Event "Team 45 45 League T51"]
[Site "Internet Chess Club"]
[Date "2011.11.13"]
[Round "1"]
[White "DARKwizard1"]
[Black "Gregorio"]
[Result "1-0"]
[WhiteElo "2108"]
[BlackElo "1853"]
[Opening "Two knights defense"]
[ECO "C58"]
[Time "14:00:44"]
[TimeControl "2700+45"]

1. e4 e5 2. Nf3 Nc6 3. Bc4 Nf6 4. Ng5 d5 5. exd5 Na5 6. Bb5+ c6 7. dxc6 bxc6 8.
Bd3 h6 9. Ne4 Nd5 10. O-O Nf4 11. Be2 f5 12. Ng3 Bc5 13. c3 Be7 14. b4 Nb7 15.
Bc4 Nd6 16. Bb3 Nd3 17. Qh5+ Kd7 18. Nxf5 Nxf5 19. Qxf5+ Kc7 20. Qe4 Rf8 21. Na3
Rf4 22. Qe3 Bg5 23. Bc2 Rd4 24. Qg3 Bf4 25. Qxg7+ Rd7 26. Qg6 Rd6 27. Qh7+ Rd7
28. Qe4 Ba6 29. b5 cxb5 30. Bxd3 Rxd3 31. g3 Bb7 32. Nxb5+ Kb6 33. Qb4 a5 34.
Qb3 Ka6 35. Qe6+ Qb6 36. Nc7+ Ka7 37. Qxb6+ {Black resigns} 1-0

[Event "Team 45 45 League T51"]
[Site "Internet Chess Club"]
[Date "2011.11.13"]
[Round "1"]
[White "MeanMrMustard"]
[Black "DeepGreen"]
[Result "1-0"]
[WhiteElo "1804"]
[BlackElo "1655"]
[Opening "Sicilian defense"]
[ECO "B32"]
[Time "12:45:23"]
[TimeControl "2700+45"]

1. e4 c5 2. Nf3 Nc6 3. d4 cxd4 4. Nxd4 d6 5. c4 Nf6 6. Nc3 g6 7. Be2 Bg7 8. Be3
O-O 9. O-O Be6 10. Rc1 a6 11. f3 Rc8 12. Nd5 Bxd5 13. cxd5 Nb8 14. Qb3 Rc7 15.
Rxc7 Qxc7 16. Rc1 Qd7 17. Qc4 Ne8 18. Qc8 Qxc8 19. Rxc8 Nd7 20. b4 Nb6 21. Rb8
Na4 22. Rxb7 Nc3 23. Kf1 Nxe2 24. Kxe2 Bf6 25. g4 e5 26. dxe6 fxe6 27. Nxe6 Rf7
28. Rb8 Re7 29. Nf4 Kf7 30. Nd5 Rd7 31. Rxe8 Bd8 32. Rh8 Ke6 33. Kd3 Kf7 34.
Rxh7+ {Black resigns} 1-0

[Event "Team 45 45 League T51"]
[Site "Internet Chess Club"]
[Date "2011.11.12"]
[Round "1"]
[White "Packerfan"]
[Black "ghostfire"]
[Result "1-0"]
[WhiteElo "1838"]
[BlackElo "1756"]
[Opening "Sicilian: Alapin's variation (2.c3)"]
[ECO "B22"]
[Time "10:00:40"]
[TimeControl "2700+45"]

1. e4 c5 2. c3 Nf6 3. e5 Nd5 4. d4 cxd4 5. Qxd4 e6 6. Nf3 Nc6 7. Qe4 Qb6 8. Bd3
h6 9. O-O d6 10. Nbd2 dxe5 11. Nxe5 Nxe5 12. Qxe5 Bd7 13. Nc4 Qc7 14. Re1 b5 15.
Qxd5 Bc6 16. Qe5 Qd8 17. Be4 Bxe4 18. Qxe4 bxc4 19. Qxc4 Be7 20. Qc6+ Kf8 21.
Be3 Rc8 22. Qa4 Bc5 23. Bxc5+ Rxc5 24. Qxa7 Rc7 25. Qe3 Ke7 26. Red1 Qb8 27. Rd2
Rd8 28. Rad1 Rxd2 29. Qxd2 f6 30. Qd6+ Kf7 31. b4 Qc8 32. g3 Rxc3 33. Qd7+ Qxd7
34. Rxd7+ Ke8 35. Rd2 Ra3 36. h4 Ra4 37. Rb2 Kd7 38. b5 Kc7 39. Kg2 Kb6 40. Kf3
Ra5 41. Kg4 g6 42. Kf4 Ra4+ 43. Ke3 Ra5 44. Kd3 Rxb5 45. Rxb5+ Kxb5 46. Kd4 g5
47. hxg5 hxg5 48. g4 f5 49. gxf5 exf5 50. Ke5 f4 51. Kf5 Ka4 52. Kxg5 Ka3 53.
Kxf4 Kxa2 54. Ke5 Kb3 55. f4 Kc4 56. Ke6 {Black resigns} 1-0

[Event "Team 45 45 League T51"]
[Site "Internet Chess Club"]
[Date "2011.11.13"]
[Round "1"]
[White "Frankly"]
[Black "IshanR"]
[Result "1-0"]
[WhiteElo "1792"]
[BlackElo "1799"]
[Opening "QGD: Tarrasch, Prague variation, 9.Bg5"]
[ECO "D34"]
[Time "07:01:37"]
[TimeControl "2700+45"]

1. d4 d5 2. c4 e6 3. Nc3 c5 4. cxd5 exd5 5. Nf3 Nc6 6. g3 Nf6 7. Bg2 Be7 8. O-O
O-O 9. Bg5 c4 10. Ne5 Be6 11. Qa4 Nxd4 12. Rfd1 Nf5 13. Nxc4 Bd7 14. Qc2 dxc4
15. Bxb7 Rb8 16. Bc6 Nd6 17. Bxd7 Qxd7 18. e4 Nfe8 19. Bf4 Qb7 20. Rab1 Rd8 21.
Nd5 f5 22. e5 Ne4 23. Qxc4 Kh8 24. h4 Bc5 25. Be3 Bxe3 26. Nxe3 Nc7 27. Rxd8
Rxd8 28. Nxf5 g6 29. Nd6 Nxd6 30. exd6 Rxd6 31. Qf7 Qc8 32. Re1 Re6 33. Rc1 Qe8
34. Qxe8+ Nxe8 35. Rc8 Re7 36. Kg2 Kg7 37. Kf3 Kf6 38. g4 Nd6 39. Rc6 Ke5 40.
Kg2 Kd5 41. Rc2 Nc4 42. b3 Nd6 43. Rd2+ Kc5 44. b4+ Kc6 45. a4 a6 46. f4 Re4 47.
Rc2+ Kd7 48. Kf3 Rxb4 49. Ra2 Rb3+ 50. Kg2 Nc4 51. Ra1 Ra3 52. Rb1 Kc6 53. Rb8
Rxa4 54. Rh8 Nd6 55. Rxh7 Rxf4 56. Kg3 Rf6 57. h5 gxh5 58. gxh5 Rh6 59. Rxh6
{Black resigns} 1-0

[Event "Team 45 45 League T51"]
[Site "Internet Chess Club"]
[Date "2011.11.14"]
[Round "1"]
[White "carokantor"]
[Black "superbeast"]
[Result "1/2-1/2"]
[WhiteElo "2006"]
[BlackElo "1972"]
[Opening "Sicilian: Alapin's variation (2.c3)"]
[ECO "B22"]
[Time "17:04:22"]
[TimeControl "2700+45"]

1. e4 c5 2. c3 d5 3. exd5 Qxd5 4. d4 Nf6 5. Nf3 e6 6. Na3 Nc6 7. Be2 cxd4 8. Nb5
Qd8 9. Nbxd4 Nxd4 10. Nxd4 Bc5 11. Nb3 Qxd1+ 12. Bxd1 Bb6 13. Bf3 O-O 14. O-O e5
15. Re1 e4 16. Bd1 Bf5 17. a4 a5 18. Be3 Bxe3 19. Rxe3 Nd5 20. Re1 Nf4 21. Bc2
Rfe8 22. Re3 Nd5 23. Rg3 Re5 24. Re1 Bg6 25. Nd4 Rae8 26. Kf1 Nf4 27. Rge3 Nd5
28. R3e2 Nf4 29. Rd2 Nd5 30. g3 e3 31. Rde2 Bxc2 32. Nxc2 exf2 33. Rxe5 fxe1=Q+
34. Rxe1 Kf8 35. Rxe8+ Kxe8 36. Ke2 Kd7 37. Kd3 Nb6 38. b3 Kd6 39. Kd4 f5 40.
Ne3 g6 41. h4 Nd7 42. Nc4+ Kc7 43. Nxa5 Nf6 44. b4 Nh5 45. c4 Nxg3 46. Nb3 f4
47. Nd2 Nf5+ 48. Ke4 Nxh4 49. Kxf4 h6 50. a5 Ng2+ 51. Kg3 Ne3 52. Kf3 Nf5 53.
Kf4 Nd4 54. b5 Nc2 55. Ke5 g5 56. Ne4 Ne3 57. Nd6 g4 58. Kf4 Kxd6 59. Kxe3 Kc5
60. Kf4 h5 61. Kg3 Kd6 62. Kh4 Kc5 63. Kg3 Kd6 {Game drawn by mutual agreement}
1/2-1/2

[Event "Team 45 45 League T51"]
[Site "Internet Chess Club"]
[Date "2011.11.12"]
[Round "1"]
[White "vaknight"]
[Black "HumanTornado"]
[Result "0-1"]
[WhiteElo "1766"]
[BlackElo "1980"]
[Opening "Bird's opening"]
[ECO "A03"]
[Time "10:04:02"]
[TimeControl "2700+45"]

1. f4 d5 2. b3 Nf6 3. Bb2 c5 4. Nf3 Nc6 5. e3 Bg4 6. Be2 e6 7. Ne5 Nxe5 8. Bxe5
Bxe2 9. Qxe2 a6 10. O-O Be7 11. d3 O-O 12. Nd2 Nd7 13. Bb2 Bf6 14. Bxf6 Qxf6 15.
Nf3 Rfe8 16. Qd2 Qd8 17. Qc3 Rc8 18. Qd2 e5 19. fxe5 Nxe5 20. Nxe5 Rxe5 21. Rae1
Qg5 22. Qf2 Qe7 23. Qf4 Re8 24. Rf3 d4 25. Kf2 g6 26. g4 f5 27. g5 b5 28. Re2
Qd8 29. Rh3 Qa5 30. c4 Qc3 31. Qh4 R8e7 32. e4 fxe4 33. dxe4 Rf7+ 34. Kg2 Qc1
{White resigns} 0-1

[Event "Team 45 45 League T51"]
[Site "Internet Chess Club"]
[Date "2011.11.11"]
[Round "1"]
[White "BaumDeezy"]
[Black "rayonline53"]
[Result "0-1"]
[WhiteElo "1540"]
[BlackElo "1530"]
[Opening "English: Anglo-Dutch defense"]
[ECO "A10"]
[Time "13:01:47"]
[TimeControl "2700+45"]

1. c4 f5 2. g3 e6 3. Bg2 Nf6 4. Nc3 Be7 5. e4 fxe4 6. Nxe4 O-O 7. Ne2 c6 8. O-O
d5 9. Nxf6+ Bxf6 10. d3 Nd7 11. Nf4 Nb6 12. c5 e5 13. Ne2 Nd7 14. b4 e4 15. Rb1
exd3 16. Qxd3 Ne5 17. Qd1 Bf5 18. Rb3 Nc4 19. Nf4 Qd7 20. Nxd5 cxd5 21. Qxd5+
Qe6 22. Qxb7 Rad8 23. Bf4 Rf7 24. Qb5 g5 25. Be3 Be4 26. Bxe4 Qxe4 27. f3 Qe6
28. Bc1 Bd4+ 29. Rf2 Qe1+ {White resigns} 0-1

[Event "Team 45 45 League T51"]
[Site "Internet Chess Club"]
[Date "2011.11.13"]
[Round "1"]
[White "Muravey"]
[Black "beitmery"]
[Result "1-0"]
[WhiteElo "1640"]
[BlackElo "1621"]
[Opening "Nimzovich-Larsen attack: modern variation"]
[ECO "A01"]
[Time "16:00:14"]
[TimeControl "2700+45"]

1. b3 e5 2. Bb2 d6 3. e3 Nc6 4. Bb5 a6 5. Bxc6+ bxc6 6. d4 exd4 7. Qxd4 Nf6 8.
Nd2 c5 9. Qh4 Be7 10. Ne4 Bb7 11. Nxf6+ Bxf6 12. Bxf6 Qxf6 13. Qxf6 gxf6 14. f3
Rg8 15. Kf2 Kd7 16. Ne2 Rae8 17. c4 Re7 18. Rad1 Rge8 19. Rd3 Re5 20. Nf4 c6 21.
Rhd1 d5 22. cxd5 cxd5 23. Nxd5 Bxd5 24. Rxd5+ Kc6 25. e4 f5 26. Rxe5 Rxe5 27.
Ke3 fxe4 28. Kf4 Re6 29. fxe4 Rf6+ 30. Ke3 Rg6 31. g3 Rh6 32. Rd2 Rf6 33. Ke2
Rd6 34. Rxd6+ Kxd6 35. Kf3 Ke5 36. Ke3 f5 37. exf5 Kxf5 38. Kf3 h5 39. h3 a5 40.
g4+ hxg4+ 41. hxg4+ Kg5 42. Ke4 Kxg4 43. Kd5 Kf5 44. Kxc5 Ke5 45. Kb5 a4 46.
Kxa4 Kd5 47. b4 Kc6 48. b5+ Kb6 49. Kb4 Ka7 50. a4 Kb6 51. a5+ Ka7 52. Kc5 Kb7
53. b6 Kb8 54. a6 Ka8 55. Kc6 Kb8 56. b7 Ka7 57. Kc7 Kxa6 {Black resigns} 1-0

[Event "Team 45 45 League T51"]
[Site "Internet Chess Club"]
[Date "2011.11.14"]
[Round "1"]
[White "obaut"]
[Black "rook9999"]
[Result "0-1"]
[WhiteElo "1374"]
[BlackElo "1865"]
[Opening "Sicilian defense"]
[ECO "B30"]
[Time "18:00:18"]
[TimeControl "2700+45"]

1. e4 c5 2. Nf3 Nc6 3. c3 d5 4. exd5 Qxd5 5. Bb5 a6 6. Bxc6+ Qxc6 7. d4 cxd4 8.
Nxd4 Qxg2 9. Qf3 Qxf3 10. Nxf3 Nf6 11. Nbd2 Bf5 12. Nc4 b5 13. Nce5 Be4 14. O-O
h6 15. Re1 e6 16. Be3 Bd6 17. Rad1 Be7 18. Nd4 Rc8 19. f3 Bb7 20. Rd2 Nd5 21.
Bf2 Bg5 22. Rdd1 O-O 23. Bg3 Be3+ 24. Bf2 Bxf2+ 25. Kxf2 Rfe8 26. Rg1 Nf4 27.
Rg3 g6 28. Ke3 Nd5+ 29. Kf2 g5 30. Ng4 Kg7 31. Rh3 Rh8 32. Rg1 Rce8 33. Ne2 f5
34. Ne5 f4 35. Rh4 Kh7 36. Rxg5 Reg8 37. Rgh5 Kg7 38. Rg4+ Kf6 39. Nd7+ Ke7 40.
Rxg8 Rxg8 41. Ne5 Rg5 42. Rxh6 Rxe5 43. Rh7+ Kd6 44. Rxb7 Rh5 45. Kg2 Kc6 46.
Rf7 Rg5+ 47. Kf2 Rh5 48. Kg2 Ne3+ 49. Kf2 Rxh2+ 50. Kg1 Rxe2 51. Rxf4 Nd5 52.
Rd4 Rxb2 53. c4 Kc5 54. Rh4 bxc4 {White resigns} 0-1

[Event "Team 45 45 League T51"]
[Site "Internet Chess Club"]
[Date "2011.11.16"]
[Round "1"]
[White "Mymas"]
[Black "rcddonovan"]
[Result "1-0"]
[WhiteElo "1434"]
[BlackElo "1390"]
[Opening "Bishop's opening: Berlin defense"]
[ECO "C24"]
[Time "17:00:13"]
[TimeControl "2700+45"]

1. e4 e5 2. Bc4 Nf6 3. d3 Bc5 4. Nc3 Nc6 5. Bg5 Na5 6. Bb3 c6 7. Nf3 Nxb3 8.
axb3 d6 9. O-O h6 10. Bd2 O-O 11. Na4 b6 12. Nxc5 bxc5 13. h3 Re8 14. Re1 Be6
15. Qe2 Qd7 16. Ra2 Bxh3 17. gxh3 Qxh3 18. Nh2 Nh5 19. Qf1 Qd7 20. f3 Re6 21.
Kf2 Rg6 22. Ng4 f5 23. exf5 Qxf5 24. Qh3 Rf8 25. Rh1 Rxg4 26. Rg1 Rxg1 27. Qxf5
Rf1+ 28. Kxf1 Ng3+ 29. Kf2 Nxf5 30. c3 Rf6 31. Rxa7 Nh4 32. Rc7 Nxf3 33. Ke2
Ng1+ 34. Ke3 Rf3+ 35. Ke4 h5 36. Rxc6 h4 37. Be3 Rf1 38. Rxd6 Rf6 39. Rxf6 gxf6
40. Bxg1 Kg7 41. Kd5 Kg6 42. Kxc5 Kg5 43. b4 Kg4 44. b5 h3 45. b6 Kg3 46. b7 Kg2
47. Bh2 Kxh2 48. b8=Q Kg2 49. Qg8+ {Black resigns} 1-0

[Event "Team 45 45 League T51"]
[Site "Internet Chess Club"]
[Date "2011.11.14"]
[Round "1"]
[White "kingsrook"]
[Black "ausya"]
[Result "0-1"]
[WhiteElo "1309"]
[BlackElo "1486"]
[Opening "Queen's pawn game"]
[ECO "A46"]
[Time "19:00:13"]
[TimeControl "2700+45"]

1. d4 Nf6 2. Nf3 c5 3. c3 g6 4. Bf4 Bg7 5. h3 O-O 6. e3 d6 7. Be2 Bf5 8. O-O
Nbd7 9. Nbd2 Re8 10. Bh2 a6 11. a4 Qc7 12. Qb3 Qc6 13. Rfd1 d5 14. Ne5 Nxe5 15.
Bxe5 c4 16. Qb4 Nd7 17. Bxg7 Kxg7 18. Bf3 Bd3 19. Re1 Nf6 20. b3 b5 21. axb5
axb5 22. bxc4 bxc4 23. Qb2 Reb8 24. Qc1 Ne4 25. Nxe4 dxe4 26. Be2 f5 27. Bxd3
cxd3 28. Rxa8 Qxa8 29. Rd1 Qa6 30. c4 Rc8 31. c5 e6 32. Qc3 Qb5 33. Rc1 Kf7 34.
Qc4 d2 35. Qxb5 dxc1=Q+ 36. Kh2 Rc7 37. Qb6 Re7 38. Qb3 Qd2 39. Kg3 Qd3 40. Qb6
g5 41. Qd6 h5 42. c6 f4+ 43. Kh2 fxe3 44. fxe3 Qxe3 45. c7 Qc3 46. Qe5 Qxc7
{White resigns} 0-1

[Event "Team 45 45 League T51"]
[Site "Internet Chess Club"]
[Date "2011.11.10"]
[Round "1"]
[White "cazj"]
[Black "Aquaman"]
[Result "0-1"]
[WhiteElo "1326"]
[BlackElo "1277"]
[Opening "Kevitz-Trajkovich defense"]
[ECO "A50"]
[Time "20:01:33"]
[TimeControl "2700+45"]

1. d4 Nf6 2. c4 Nc6 3. Nf3 e6 4. Nc3 Bb4 5. Bd2 O-O 6. a3 Bxc3 7. Bxc3 Ne4 8.
Qc2 Nxc3 9. bxc3 Re8 10. e4 e5 11. d5 Nb8 12. Be2 d6 13. Rb1 b6 14. Bd1 Nd7 15.
Qd2 Nf6 16. h3 Nxe4 17. Qe3 Nf6 18. Bc2 g6 19. Qh6 Qe7 20. O-O Qf8 21. Qg5 Qg7
22. Rfe1 Nh5 23. Nd2 Qf6 24. Qh6 Qg7 25. Qg5 f5 26. Nf3 e4 27. Re2 Bd7 28. Nd4
Re5 29. Qc1 Rae8 30. Rb4 f4 31. f3 Qf7 32. Rxe4 Rxe4 33. Bxe4 Ng3 34. Qc2 Nxe4
35. fxe4 Qe7 36. Nb5 a6 37. Nxc7 Rf8 38. Rxb6 f3 39. gxf3 Rxf3 40. Rb8+ Kg7 41.
Qg2 Qf6 42. Rb7 Kh6 43. Nxa6 Bxh3 44. Qd2+ g5 45. Kh2 Rf2+ 46. Qxf2 Qxf2+ 47.
Kxh3 Qf3+ 48. Kh2 Qe2+ 49. Kh1 Qxe4+ 50. Kg1 Qxc4 51. Rc7 Qxa6 52. Rc6 Qxa3 53.
Rxd6+ Kh5 54. Rc6 Qa4 55. Kg2 Qe4+ 56. Kf2 Qxd5 57. Rc8 Qf5+ 58. Ke3 Qxc8 {White
resigns} 0-1

[Event "Team 45 45 League T51"]
[Site "Internet Chess Club"]
[Date "2011.11.12"]
[Round "1"]
[White "chess-fan"]
[Black "BrianWood"]
[Result "0-1"]
[WhiteElo "1620"]
[BlackElo "1448"]
[Opening "French: Tarrasch, open, 4.ed ed"]
[ECO "C08"]
[Time "23:00:05"]
[TimeControl "2700+45"]

1. e4 e6 2. d4 d5 3. Nd2 c5 4. exd5 exd5 5. Ngf3 Nf6 6. Be2 Nc6 7. dxc5 Bxc5 8.
Nb3 Bb6 9. O-O O-O 10. Bg5 Be6 11. Nbd4 Nxd4 12. Nxd4 Bxd4 13. Qxd4 h6 14. Bxf6
Qxf6 15. Qxf6 gxf6 16. Rad1 Rfd8 17. Bf3 Rac8 18. c3 a5 19. Rd4 Rc4 20. Rfd1 b5
21. Be2 Rxd4 22. Rxd4 Rb8 23. b3 b4 24. c4 dxc4 25. Bxc4 Rc8 26. h3 Bxc4 27.
Rxc4 Rxc4 28. bxc4 Kf8 29. Kf1 Ke7 30. Ke2 Kd6 31. Kd3 Kc5 32. f4 f5 33. g4 fxg4
34. hxg4 f6 35. Ke4 Kxc4 36. Kf5 a4 37. Kxf6 b3 38. axb3+ axb3 39. g5 hxg5 40.
fxg5 b2 41. g6 b1=Q 42. g7 Qh7 43. Kf7 Kd5 44. Kf8 Qf5+ 45. Kg8 Ke6 46. Kh8 Qh5+
47. Kg8 Kf6 48. Kf8 Qf7# {White checkmated} 0-1

[Event "Team 45 45 League T51"]
[Site "Internet Chess Club"]
[Date "2011.11.13"]
[Round "1"]
[White "oldsj"]
[Black "hi12980"]
[Result "0-1"]
[WhiteElo "1489"]
[BlackElo "1509"]
[Opening "Ruy Lopez: 5.O-O"]
[ECO "C78"]
[Time "13:00:23"]
[TimeControl "2700+45"]

1. e4 e5 2. Nf3 Nc6 3. Bb5 a6 4. Ba4 Nf6 5. O-O b5 6. Bb3 Bc5 7. a4 Rb8 8. axb5
axb5 9. Nxe5 Nxe5 10. d4 Bxd4 11. Qxd4 Nc6 12. Qd1 O-O 13. Re1 Re8 14. Nd2 Qe7
15. c3 d6 16. Bc2 Bf5 17. f3 d5 18. Nf1 dxe4 19. Ng3 Bg6 20. Bg5 Qc5+ 21. Kh1
Qxg5 22. fxe4 Ng4 23. Qf3 Nce5 24. Qe2 Qh4 25. Nf1 Nxh2 26. Nxh2 Bh5 27. g3 Qh3
28. Qg2 Bf3 29. Re2 Bxg2+ 30. Rxg2 Rbd8 31. Bd1 Re7 32. Kg1 Red7 33. Be2 Rd2 34.
Rf1 R8d6 35. Rf5 Nd7 36. Rh5 Qe6 37. Bg4 Qxe4 38. Rf2 Qe1+ 39. Nf1 Qxf2+ {White
resigns} 0-1

[Event "Team 45 45 League T51"]
[Site "Internet Chess Club"]
[Date "2011.11.13"]
[Round "1"]
[White "kingsleywang"]
[Black "stan-beers"]
[Result "0-1"]
[WhiteElo "1419"]
[BlackElo "1472"]
[Opening "Philidor: Improved Hanham variation"]
[ECO "B07"]
[Time "20:00:16"]
[TimeControl "2700+45"]

1. e4 d6 2. d4 Nd7 3. Nf3 Ngf6 4. Nc3 e5 5. Be3 c6 6. h3 Be7 7. Be2 Qc7 8. O-O
O-O 9. Qd2 exd4 10. Nxd4 Ne5 11. Rad1 a6 12. Bf4 Ng6 13. Bg5 Ne5 14. Nf3 Ned7
15. Nd4 Nc5 16. Qe3 Ne6 17. Nxe6 Bxe6 18. a3 Rfe8 19. Qg3 Qa5 20. Bxf6 Bxf6 21.
Rxd6 Be5 22. Qd3 Bxd6 23. Qxd6 Rad8 24. Qf4 Qb6 25. Rb1 Qc5 26. Bd3 h6 27. Re1
Bc4 28. Bxc4 Qxc4 29. Qc7 b5 30. Qb7 a5 31. Qb6 a4 32. Qe3 Rd6 33. Qf4 Rde6 34.
f3 b4 35. axb4 Qxb4 36. Qc1 a3 37. Na2 Qd4+ 38. Kf1 axb2 39. Qb1 Ra8 40. Rd1
Qc4+ 41. Kg1 Qxa2 42. Kh2 Qa3 43. Rd3 Qb4 44. Rb3 Qd6+ 45. g3 Rg6 46. Qe1 Rb8
47. e5 Qc7 48. f4 Rxb3 49. cxb3 Re6 50. Qb1 Re8 51. Qxb2 Rb8 52. f5 Qb6 53. Qe2
Qxb3 54. Qg4 Qc2+ {White resigns} 0-1

[Event "Team 45 45 League T51"]
[Site "Internet Chess Club"]
[Date "2011.11.11"]
[Round "1"]
[White "wekabird"]
[Black "XGG123"]
[Result "0-1"]
[WhiteElo "1017"]
[BlackElo "1225"]
[Opening "English opening"]
[ECO "A20"]
[Time "23:00:14"]
[TimeControl "2700+45"]

1. c4 e5 2. e4 Nf6 3. Nc3 Bc5 4. Nf3 O-O 5. h3 Nc6 6. a3 d6 7. d3 Be6 8. b3 Nd4
9. Rb1 Nxf3+ 10. Qxf3 c6 11. g3 d5 12. cxd5 cxd5 13. Bg2 dxe4 14. Nxe4 Nxe4 15.
dxe4 Rc8 16. O-O Qd7 17. Kh2 Rcd8 18. b4 Bd6 19. Be3 Bc4 20. Rfd1 Qb5 21. Rd5
Bxd5 22. exd5 Qd3 23. Bxa7 Qxb1 24. Bb6 Rc8 25. Qe4 Qd1 26. Bf3 Qf1 27. Bg2 Qd1
28. Bf3 Qa1 29. Qe3 Rc1 30. h4 Rfc8 31. Bc5 Bxc5 32. bxc5 Ra8 33. Qxe5 Qxe5
{White resigns} 0-1

[Event "Team 45 45 League T51"]
[Site "Internet Chess Club"]
[Date "2011.11.12"]
[Round "1"]
[White "quotha"]
[Black "crazyhorses"]
[Result "1-0"]
[WhiteElo "1751"]
[BlackElo "1520"]
[Opening "QGD: 3...Nf6"]
[ECO "D35"]
[Time "14:00:37"]
[TimeControl "2700+45"]

1. c4 Nf6 2. Nc3 e6 3. d4 d5 4. e3 dxc4 5. Bxc4 a6 6. f4 b5 7. Bd3 Bb7 8. Nf3
Nbd7 9. O-O c5 10. Kh1 c4 11. Bc2 Be7 12. b3 b4 13. Ne2 c3 14. Ng3 O-O 15. f5
Qb6 16. Qd3 a5 17. fxe6 Ba6 18. exf7+ Rxf7 19. Qf5 g6 20. Qf4 Bxf1 21. Ng5 Bxg2+
22. Kxg2 Rff8 23. Qh4 Kg7 24. N3e4 h6 25. Nf3 Rae8 26. Nxf6 Bxf6 27. Qg4 g5 28.
Qxd7+ Re7 29. Qf5 Kg8 30. Qg6+ Rg7 31. Qxh6 Bxd4 32. Qxb6 Bxb6 33. Nd4 Rgf7 34.
Be4 Rf2+ 35. Kg3 Bc7+ 36. Kg4 Rxh2 37. Bd5+ Kh7 38. Ne6 Rf1 39. Nxc7 Rc2 40.
Be4+ {Black resigns} 1-0

[Event "Team 45 45 League T51"]
[Site "Internet Chess Club"]
[Date "2011.11.13"]
[Round "1"]
[White "Theodulf"]
[Black "Hapa-Haole"]
[Result "1-0"]
[WhiteElo "1656"]
[BlackElo "1611"]
[Opening "French: Fort Knox variation"]
[ECO "C03"]
[Time "12:02:10"]
[TimeControl "2700+45"]

1. e4 e6 2. d4 d5 3. Nd2 dxe4 4. Nxe4 Bd7 5. Nf3 Bc6 6. Bd3 Nd7 7. O-O Ngf6 8.
Re1 Be7 9. a3 O-O 10. c4 Bxe4 11. Bxe4 c6 12. Bc2 Qc7 13. Qe2 Rad8 14. Bg5 Rfe8
15. Rad1 Nf8 16. Ne5 N6d7 17. Nxf7 Kxf7 18. Bxh7 Bxg5 19. Qh5+ g6 20. Bxg6+ Nxg6
21. Qxg5 Qf4 22. Qa5 a6 23. Re3 Nf6 24. Rf3 Qb8 25. Qg5 Ke7 26. Qxf6+ Kd7 27.
Qxg6 Kc8 28. Rf7 Qd6 29. g3 Rg8 30. Qe4 Rde8 31. c5 Qd8 32. Qe5 Rg6 33. Re1 Rh6
34. Qd6 Reh8 35. Qxd8+ Kxd8 36. h4 Kc8 37. Re7 Rd8 38. R1xe6 Rh5 39. Re8 Rd5 40.
Rxd8+ Kxd8 41. Re4 {Black resigns} 1-0

[Event "Team 45 45 League T51"]
[Site "Internet Chess Club"]
[Date "2011.11.12"]
[Round "1"]
[White "dschesq"]
[Black "kwameh72"]
[Result "1-0"]
[WhiteElo "1743"]
[BlackElo "1662"]
[Opening "Réti opening"]
[ECO "A04"]
[Time "06:00:31"]
[TimeControl "2700+45"]

1. Nf3 Nc6 2. c4 e5 3. d4 exd4 4. Nxd4 Nf6 5. g3 Bc5 6. Nb3 Qe7 7. Nc3 O-O 8.
Bg2 Ng4 9. O-O b6 10. Nd5 Qd6 11. Bf4 Nge5 12. Qc2 Bb7 13. Rfd1 Qg6 14. Qxg6
Nxg6 15. Nxc7 Rac8 16. Rxd7 Nce5 17. Bxe5 Bxg2 18. Kxg2 Nxe5 19. Nxc5 Nxd7 20.
Nxd7 Rfd8 21. Rd1 Kh8 22. Nb5 a6 23. Nc3 Rxc4 24. Nxb6 Rxd1 25. Nxc4 Rd4 26. b3
f6 27. Kf3 Kg8 28. Ne4 Kf8 29. Nc5 Rd8 30. Ne6+ {Black resigns} 1-0

[Event "Team 45 45 League T51"]
[Site "Internet Chess Club"]
[Date "2011.11.14"]
[Round "1"]
[White "ElmerHo"]
[Black "rookmaster23"]
[Result "1-0"]
[WhiteElo "1539"]
[BlackElo "1516"]
[Opening "Sicilian: Najdorf"]
[ECO "B90"]
[Time "21:00:11"]
[TimeControl "2700+45"]

1. e4 c5 2. Nf3 d6 3. d4 cxd4 4. Nxd4 Nf6 5. Nc3 a6 6. f3 e5 7. Nb3 Be6 8. Be3
Be7 9. Qd2 Nbd7 10. g4 Nb6 11. O-O-O Rc8 12. Kb1 Nc4 13. Bxc4 Rxc4 14. h4 Qc7
15. Rh2 b5 16. a3 b4 17. axb4 Qb7 18. Na5 Qxb4 19. Nxc4 Bxc4 20. g5 Nd7 21. Nd5
Qb7 22. Qc3 {Black resigns} 1-0

[Event "Team 45 45 League T51"]
[Site "Internet Chess Club"]
[Date "2011.11.13"]
[Round "1"]
[White "Killian"]
[Black "mitus"]
[Result "1-0"]
[WhiteElo "2024"]
[BlackElo "1810"]
[Opening "Two knights defense"]
[ECO "C58"]
[Time "15:02:23"]
[TimeControl "2700+45"]

1. e4 e5 2. Nf3 Nc6 3. Bc4 Nf6 4. Ng5 d5 5. exd5 Na5 6. Bb5+ c6 7. dxc6 bxc6 8.
Bd3 h6 9. Ne4 Be7 10. Nxf6+ Bxf6 11. Be4 O-O 12. O-O Qd4 13. d3 Bd7 14. Nc3 Be7
15. Be3 Qb4 16. Rb1 f5 17. Bf3 f4 18. Bd2 Qb6 19. Ne4 Nb7 20. Bc3 Qc7 21. Re1
Rad8 22. Nd2 Bf6 23. Bg4 Nc5 24. Bxd7 Rxd7 25. Nc4 e4 26. Bb4 exd3 27. Bxc5
{Black resigns} 1-0

[Event "Team 45 45 League T51"]
[Site "Internet Chess Club"]
[Date "2011.11.15"]
[Round "1"]
[White "clarinetref"]
[Black "ILRE"]
[Result "0-1"]
[WhiteElo "1644"]
[BlackElo "1712"]
[Opening "Nimzovich-Larsen attack: classical variation"]
[ECO "A01"]
[Time "17:07:28"]
[TimeControl "2700+45"]

1. b3 d5 2. Bb2 Bf5 3. Nf3 Nd7 4. e3 Ngf6 5. c4 e6 6. Nc3 c6 7. Be2 h6 8. O-O
Be7 9. d3 O-O 10. a3 Rb8 11. Nd4 Bg6 12. b4 e5 13. Nb3 Rc8 14. Rc1 e4 15. cxd5
cxd5 16. Nb5 Rxc1 17. Bxc1 a6 18. N5d4 Qc7 19. Bb2 Rc8 20. Qd2 Qd8 21. Rc1 Ne5
22. Rd1 Bd6 23. f4 exf3 24. Nxf3 Nxf3+ 25. Bxf3 Bb8 26. Nc5 Qd6 27. g3 b5 28.
Bd4 Bh5 29. Qe2 Bg6 30. Qb2 Rc6 31. Rf1 Qe7 32. Bxf6 Rxf6 33. Qd4 Be5 34. Qxd5
Rd6 35. Qa8+ Kh7 36. Be4 Qg5 37. Bxg6+ fxg6 38. Qf3 Qe7 39. d4 Bf6 40. Ne4 Re6
41. Nc5 Rxe3 42. Qd5 Re2 43. Rf3 Re1+ 44. Kg2 Qe2+ 45. Rf2 Qe7 46. Nxa6 Qe3 47.
Qf3 Qxd4 48. Nc5 Re3 49. Qf4 Qxf4 50. Rxf4 Rxa3 51. Nd7 Ra6 52. Nf8+ Kg8 53.
Nxg6 Bg5 54. Rf8+ Kh7 55. Ne5 Ra2+ 56. Kh3 Rb2 57. Nc6 Bf6 58. Rb8 Rc2 59. Na5
g5 60. Rxb5 h5 61. g4 Rc3+ 62. Kg2 hxg4 63. Rc5 Rd3 64. b5 Kg6 65. b6 Rd2+ 66.
Kg3 Kh5 67. b7 Bd4 68. Rf5 Bg1 69. Rf2 Bxf2+ 70. Kg2 Ba7+ 71. Kf1 Rb2 72. Nc6
Rxb7 73. Nxa7 Rxa7 {White resigns} 0-1

[Event "Team 45 45 League T51"]
[Site "Internet Chess Club"]
[Date "2011.11.11"]
[Round "1"]
[White "BrandonBee"]
[Black "tryanything"]
[Result "1-0"]
[WhiteElo "1556"]
[BlackElo "1554"]
[Opening "Ruy Lopez: Anderssen variation"]
[ECO "C77"]
[Time "04:30:04"]
[TimeControl "2700+45"]

1. e4 e5 2. Nf3 Nc6 3. Bb5 a6 4. Ba4 Nf6 5. d3 b5 6. Bb3 d6 7. c3 Be7 8. Nbd2
O-O 9. Nf1 Na5 10. Bc2 c5 11. h3 Bb7 12. Ng3 h6 13. O-O Qc7 14. Nf5 Kh7 15. Bd2
Bc8 16. Ng3 Nc6 17. Nh2 Ng8 18. f4 Kh8 19. f5 a5 20. Qh5 Nf6 21. Qh4 Nh7 22. Qg4
Nf6 23. Qf3 b4 24. Nh5 a4 25. Nxf6 Bxf6 26. Qh5 Qe7 27. Nf3 Kh7 28. g4 Rh8 29.
g5 Kg8 30. gxf6 Qxf6 31. Nh2 Bd7 32. Ng4 Qd8 33. Bxh6 Rxh6 34. Nxh6+ gxh6 35.
Qxh6 Qf8 36. Qxf8+ Kxf8 37. Kf2 f6 38. Rg1 Kf7 39. Rg3 bxc3 40. bxc3 a3 41. Bb3+
Ke7 42. Rg7+ Kd8 {Black resigns} 1-0